 Seeded DCSS version 0.30-a0-918-g0ff054e9dc (webtiles) character file.

Game seed: 3125986916090331667 (custom seed)

339 Parcival the Covered (level 6, 56/56 HPs)
             Began as a Minotaur Fighter on Mar 20, 2023.
             Quit the game on level 4 of the Dungeon.
             The game lasted 00:04:28 (1453 turns).

Parcival the Covered (Minotaur Fighter)             Turns: 1453, Time: 00:04:28

Health: 56/56      AC: 14    Str: 22    XL:     6   Next: 29%
Magic:  5/5        EV:  6    Int:  5    God:
Gold:   79         SH: 10    Dex: 10    Spells: 5/5 levels left

rFire   . . .      SeeInvis .    n - +5 broad axe (venom)
rCold   . . .      Faith    .    c - +0 buckler
rNeg    . . .      Spirit   .    e - +0 plate armour of Sif Muna's Supremacy {Harm}
rPois   .          Reflect  +    (helmet restricted)
rElec   .          Rampage  .    k - +1 cloak {Stlth+}
rCorr   .          Harm     + .  (no gloves)
Will    .....                    (no boots) Stlth
                                 d - amulet of reflection
HPRegen 0.29/turn                (no ring)
MPRegen 0.09/turn                (no ring)

@: no status effects
A: horns 2, retaliatory headbutt
a: no special abilities


You were on level 4 of the Dungeon.
You visited 1 branch of the dungeon, and saw 4 of its levels.

You collected 79 gold pieces.

Inventory:

Hand Weapons
 a - a +0 war axe
 n - a +5 broad axe of venom (weapon)
Armour
 b - a +0 scale mail
 c - a +0 buckler (worn)
 e - the +0 plate armour of Sif Muna's Supremacy (worn) {Harm}
   (You acquired it on level 1 of the Dungeon)

   Harm:      It increases damage dealt and taken.
 k - a +1 cloak of stealth (worn)
Jewellery
 d - an amulet of reflection (around neck)
Wands
 m - a wand of flame (13)
Scrolls
 f - 3 scrolls of teleportation
Potions
 g - 2 potions of degeneration {unknown}
 h - a potion of resistance {unknown}
 i - a potion of lignification {unknown}
 j - a potion of heal wounds {unknown}
 l - a potion of brilliance {unknown}


   Skills:
 + Level 5.0 Fighting
 + Level 4.9 Axes
 + Level 5.5 Armour
 + Level 0.1 Stealth
 + Level 5.0 Shields


You had 5 spell levels left.
You didn't know any spells.
Your spell library contained the following spells:

 Spells                   Type           Power      Damage    Failure   Level
 Sandblast                Erth           0%         2d4       100%        1
 Passwall                 Tmut/Erth      0%         N/A       100%        2
 Inner Flame              Hex/Fire       0%         N/A       100%        3
 Stone Arrow              Conj/Erth      0%         3d7       100%        3
 Flame Wave               Conj/Fire      0%         2d4       100%        4
 Sticky Flame             Conj/Fire      0%         2d3       100%        4


Dungeon Overview and Level Annotations

Branches:
Dungeon (4/15)
 Temple: D:4-7

Altars:
Hepliaklqana


Innate Abilities, Weirdness & Mutations

You have a pair of horns on your head.
You reflexively headbutt those who attack you in melee.


Message History

You have reached level 6!
An iguana comes into view.
Found a wand of flame (13).
The iguana hisses angrily.
The iguana moves out of view.
An iguana is nearby!
You see here a wand of flame (13).
You slash the iguana! Your headbutt misses the iguana.
The iguana is heavily wounded.
You block the iguana's attack.
You hit the iguana.
The iguana is severely wounded.
The iguana bites you but does no damage.
You closely miss the iguana. Your headbutt misses the iguana.
The iguana is severely wounded.
You block the iguana's attack. The iguana bites you!
You barely miss the iguana.
The iguana is severely wounded.
The iguana bites you!
You slash the iguana!
You kill the iguana!
Your Shields skill increases to level 5!
You see here an iguana corpse.
m - a wand of flame (13)
n - a scroll of acquirement
Okay, then.
Something appears at your feet!
You see here a +4 broad axe of venom.
Your +4 broad axe of venom begins to drip with poison!
n - a +4 broad axe of venom (weapon)
You open the door.
There is an open door here.
You now have 79 gold pieces (gained 17).
Found a stone staircase leading down.
o - a scroll labelled FOXUATUCIPI
As you read the scroll labelled FOXUATUCIPI, it crumbles to dust.
It is a scroll of enchant weapon.
Your +4 broad axe of venom glows red for a moment.
Okay, then.
Are you sure you want to abandon this character and quit the game? (Confirm with "yes".)

># .#
##########+#.##
#......@......#
#...........#..
#...........#
#...........#
#...........#
#...........#
#...........#
#...........#
#...........#


There were no monsters in sight!

Vanquished Creatures
  A water moccasin (D:4)
  A scorpion (D:4)
  A jelly (D:4)
  An iguana (D:4)
  Natasha (twice) (D:2)
  2 adders
  A worm (D:2)
  A dart slug (D:2)
  A bat (D:3)
  3 endoplasms
  2 giant cockroaches
  4 hobgoblins
  4 jackals (D:4)
  7 kobolds
  2 quokkas (D:2)
  5 ball pythons
  2 frilled lizards
  4 goblins
  A rat (D:3)
45 creatures vanquished.

Notes
Turn   | Place    | Note
-------+----------+-------------------------------------------
     0 | D:1      | Parcival the Minotaur Fighter began the quest for the Orb.
     0 | D:1      | Reached XP level 1. HP: 19/19 MP: 0/0
    37 | D:1      | Identified a scroll of acquirement
    37 | D:1      | Acquired the +0 plate armour of Sif Muna's Supremacy {Harm}
   122 | D:2      | Reached XP level 2. HP: 27/27 MP: 1/1
   396 | D:2      | Reached XP level 3. HP: 31/33 MP: 2/2
   503 | D:2      | Noticed Natasha
   512 | D:2      | Killed Natasha
   779 | D:2      | Noticed Natasha
   785 | D:2      | Killed Natasha
   786 | D:2      | Reached XP level 4. HP: 35/41 MP: 3/3
   828 | D:2      | Acquired a +1 cloak of stealth
  1111 | D:4      | Found a hazy altar of Hepliaklqana.
  1117 | D:4      | Noticed a water moccasin
  1123 | D:4      | Killed a water moccasin
  1124 | D:4      | Reached skill level 5 in Armour
  1124 | D:4      | Reached XP level 5. HP: 21/47 MP: 4/4
  1339 | D:4      | Reached skill level 5 in Fighting
  1339 | D:4      | Reached XP level 6. HP: 56/56 MP: 5/5
  1356 | D:4      | Reached skill level 5 in Shields
  1430 | D:4      | Acquired a +4 broad axe of venom
  1453 | D:4      | Quit the game

Illustrated notes

Levels and vault maps discovered:
D:1:      amcnicky_arrival_single_pillar, layout_loops_cross,
          hangedman_glass_garden
D:2:      layout_loops_ring, dk_vineyard_1, uniq_natasha
D:3:      layout_basic, mainiacjoe_overflow_catwalk, serial_forest,
          infiniplex_forest_zigzag_1, infiniplex_forest_split,
          infiniplex_forest_end_double, infiniplex_forest_lined_room_,
          infiniplex_forest_corner_1, infiniplex_forest_lined_room_2,
          serial_shops, nicolae_shop_hallway_stairs
D:4:      layout_basic, old_standard_altar

Skill      XL: |  1  2  3  4  5  6 |
---------------+-------------------+-----
Fighting       | 4 5 |  5.0
Shields        | 4 5 |  5.0
Armour         | 4 5 |  5.5
Axes           | 3 4 |  4.9
Stealth        | |  0.1

Action                     |  1- 3 |  4- 6 || total
---------------------------+-------+-------++-------
  Melee: War axe           |    58 |    67 ||   125
         Headbutt          |     5 |     2 ||     7
    Use: Scroll            |     4 |     3 ||     7
         Potion            |       |     1 ||     1
 Armour: Plate armour      |    34 |    61 ||    95
         Scale mail        |     3 |       ||     3
  Dodge: Dodged            |    18 |    22 ||    40
  Block: Buckler           |    11 |    21 ||    32

Table legend: (Time is in decaauts)
 A = Elapsed time spent in this place.
 B = Non-inter-level travel time spent in this place.
 C = Inter-level travel time spent in this place.
 D = Time resting spent in this place.
 E = Time spent auto-exploring this place.
 F = Levels seen in this place.
 G = Mean time per level.
                   A        B        C        D        E       F      G
               +--------+--------+--------+--------+--------+-----+--------+
         Total |   1500 |   1467 |     33 |      0 |    979 |   4 |  375.0 |
       Dungeon |   1500 |   1467 |     33 |      0 |    979 |   4 |  375.0 |
               +--------+--------+--------+--------+--------+-----+--------+

Top non-repeatable levels by time:
     D:2: 813 daAuts
     D:4: 451 daAuts
     D:3: 169 daAuts
     D:1: 66 daAuts
